 Dungeon Crawl Stone Soup version 0.31-a0-4-gefa6de2278 (webtiles) character file.

Game seed: 12139339836905604212

236 DavidChitty2 the Chopper (level 5, -21/47 HPs)
             Began as a Minotaur Fighter on May 3, 2023.
             Was an Initiate of Okawaru.
             Engulfed by a cloud of flame (29 damage)
             ... on level 4 of the Dungeon.
             The game lasted 00:04:28 (2490 turns).

DavidChitty2 the Chopper (Minotaur Fighter)         Turns: 2490, Time: 00:04:28

Health: -21/47     AC: 12    Str: 23    XL:     5   Next: 77%
Magic:  4/4        EV:  8    Int:  5    God:    Okawaru [......]
Gold:   179        SH:  5    Dex: 15    Spells: 4/4 levels left

rFire   . . .        a - +1 war axe
rCold   . . .        c - +0 buckler
rNeg    + . .        e - +0 chain mail
rPois   .            (helmet restricted)
rElec   .            (no cloak)
rCorr   .            j - +2 pair of gloves
SInv    .            (no boots)
Will    .....        (no amulet) Stlth
                     f - +6 ring of dexterity
HPRegen 0.27/turn    k - ring of positive energy
MPRegen 0.09/turn

%: no passive effects
@: no status effects
A: horns 2, retaliatory headbutt
a: Renounce Religion


You were on level 4 of the Dungeon.
You worshipped Okawaru.
Okawaru was noncommittal.
You visited 2 branches of the dungeon, and saw 5 of its levels.

You collected 179 gold pieces.

Inventory:

Hand Weapons
 a - a +1 war axe (weapon)
Armour
 c - a +0 buckler (worn)
 e - a +0 chain mail (worn)
   (You found it on level 1 of the Dungeon)
 j - a +2 pair of gloves (worn)
   (You found it on level 1 of the Dungeon)
Jewellery
 f - a +6 ring of dexterity (left hand)
   (You found it on level 1 of the Dungeon)
 k - a ring of positive energy (right hand)
   (You found it on level 1 of the Dungeon)
Scrolls
 h - 2 scrolls of torment {!r}
Potions
 b - 2 potions of haste {@q3}
 d - 3 potions of might
 g - 2 potions of flight
 l - a potion of lignification {unknown}
 m - a potion of heal wounds {unknown}
 n - a potion of mutation {unknown}
 o - 2 potions of berserk rage
 p - a potion of curing {unknown}
 q - a potion of cancellation {unknown}
 r - a potion of degeneration {unknown}
 u - 2 potions of brilliance {unknown}


   Skills:
 + Level 4.6 Fighting
 * Level 4.9 Axes
 + Level 4.7 Armour
 + Level 4.7 Shields
 + Level 0.8 Invocations


You had 4 spell levels left.
You didn't know any spells.
Your spell library contained the following spells:

 Spells                   Type           Power      Damage    Failure   Level
 Gell's Gravitas          Tloc           0%         N/A       100%        3
 Teleport Other           Tloc           0%         N/A       100%        3
 Dispersal                Tloc           0%         N/A       100%        6


Dungeon Overview and Level Annotations

Branches:
Dungeon (4/15)             Temple (1/1) D:4

Altars:
Ashenzari
Cheibriados
Elyvilon
Fedhas
Kikubaaqudgha
Makhleb
Okawaru
Ru
Wu Jian
Xom
Yredelemnul
The Shining One


Innate Abilities, Weirdness & Mutations

You have a pair of horns on your head.
You reflexively headbutt those who attack you in melee.


Message History

As you read the scroll of identify {@r1}, it crumbles to dust.
b - 2 potions of haste
As you read the scroll labelled IQEDDI NEZO, it crumbles to dust.
It is a scroll of amnesia.
You feel forgetful for a moment.
Found an escape hatch in the ceiling.
Found 20 gold pieces.
Found a stone staircase leading down.
Found a stone staircase leading up.
An adder comes into view.
You see here 3 scrolls labelled IKHOIC WEACVO.
Unknown command.
You closely miss the adder. You block the adder's attack. The adder bites you.
You closely miss the adder. You block the adder's attack.
You hit the adder. You headbutt the adder!
You kill the adder!
Okawaru accepts your kill.
No target in view!
No target in view!
No target in view!
No target in view!
No target in view!
h - 3 scrolls labelled IKHOIC WEACVO
As you read the scroll labelled IKHOIC WEACVO, it crumbles to dust.
Your body is wracked with pain!
It was a scroll of torment.
Found a scroll labelled ROSOINEISAUTZ.
You now have 179 gold pieces (gained 20).
i - a scroll labelled ROSOINEISAUTZ A dart slug comes into view.
Found a scroll of fear.
As you read the scroll labelled ROSOINEISAUTZ, it crumbles to dust.
The creatures around you are filled with an inner flame!
It was a scroll of immolation.
No target in view!
Found 9 gold pieces.
A hound comes into view.
The dart slug launches a dart at you. The slug dart hits you.
The hound moves out of view.
The hound barks!
The dart slug launches a dart at you. The slug dart misses you.
You hit the dart slug but do no damage. You headbutt the dart slug!
Okawaru accepts your kill.
The dart slug explodes!
The fiery explosion engulfs you!!!
Ouch! That really hurt!
* * * LOW HITPOINT WARNING * * *
You are engulfed in blazing flames.
Ouch! That really hurt!
You die...

.....##. #.... ###.. .
.# ##... ..# ##? #.<##
.$..## ....####..##.
...§### ##.#.##...# #.
#§.§###..#.#..#####.
#@.##..........#..
##.#...........#.#
#...............#
#######...............
#........#..........#.
#.#####...###.####....
#.# #...#.....# ##.#.
#########.#
#.#####....# #.##
#...<..##.# #.#
#..##.# #.#


There were no monsters in sight!

Vanquished Creatures
  2 hounds (D:4)
  A jelly (D:4)
  Terence (D:3)
  6 adders
  2 dart slugs
  6 orcs (D:3)
  7 ball pythons
  5 endoplasms
  6 giant cockroaches
  3 goblins
  5 hobgoblins
  3 quokkas
  10 bats
  3 frilled lizards
  6 kobolds
  2 rats
68 creatures vanquished.

Vanquished Creatures (others)
  21 plants (D:1)
21 creatures vanquished.

Grand Total: 89 creatures vanquished

Notes
Turn   | Place    | Note
-------+----------+-------------------------------------------
     0 | D:1      | DavidChitty2 the Minotaur Fighter began the quest for the
                  | Orb.
     0 | D:1      | Reached XP level 1. HP: 19/19 MP: 0/0
   194 | D:1      | Reached XP level 2. HP: 27/27 MP: 1/1
   716 | D:2      | Reached XP level 3. HP: 32/33 MP: 2/2
  1470 | D:3      | Reached XP level 4. HP: 40/40 MP: 3/3
  1819 | D:3      | Noticed Terence
  1824 | D:3      | Killed Terence
  1925 | D:3      | Reached XP level 5. HP: 47/47 MP: 4/4
  2237 | D:4      | Found a staircase to the Ecumenical Temple.
  2246 | Temple   | Entered the Ecumenical Temple
  2294 | Temple   | Became a worshipper of Warmaster Okawaru
  2490 | D:4      | Engulfed by a cloud of flame

Illustrated notes

Levels and vault maps discovered:
D:1:      roderic_crop_circles_arrival_small, layout_rooms, minivault_27,
          dk_noncrumbling_3, minmay_misc_feat_rows, minmay_misc_feat_alley
D:2:      layout_basic
D:3:      layout_loops_cross, uniq_terence
D:4:      layout_rooms, minmay_temple_entry_antechambers, minmay_joined_circles
Temple:   nicolae_temple_ecumenical_triangle

Skill      XL: |  1  2  3  4 |
---------------+-------------+-----
Axes           | 3 4 |  4.9
Fighting       | 4 |  4.6
Armour         | 4 |  4.7
Shields        | 4 |  4.7
Invocations    | |  0.8

Action                     |  1- 3 |  4- 6 || total
---------------------------+-------+-------++-------
  Melee: War axe           |    87 |    59 ||   146
         Headbutt          |    19 |     9 ||    28
    Use: Scroll            |       |    11 ||    11
 Armour: Chain mail        |    58 |    28 ||    86
  Dodge: Dodged            |    22 |    21 ||    43
  Block: Buckler           |    18 |    25 ||    43

Table legend: (Time is in decaauts)
 A = Elapsed time spent in this place.
 B = Non-inter-level travel time spent in this place.
 C = Inter-level travel time spent in this place.
 D = Time resting spent in this place.
 E = Time spent auto-exploring this place.
 F = Levels seen in this place.
 G = Mean time per level.
                   A        B        C        D        E       F      G
               +--------+--------+--------+--------+--------+-----+--------+
         Total |   2540 |   2410 |    130 |     26 |   1812 |   5 |  508.0 |
       Dungeon |   2484 |   2377 |    107 |     26 |   1787 |   4 |  621.0 |
        Temple |     55 |     32 |     23 |      0 |     25 |   1 |   55.0 |
               +--------+--------+--------+--------+--------+-----+--------+

Top non-repeatable levels by time:
     D:2: 800 daAuts
     D:3: 719 daAuts
     D:1: 651 daAuts
     D:4: 313 daAuts
  Temple: 55 daAuts
